 Dungeon Crawl Stone Soup version 0.28.0-1-gb440e238dd (webtiles) character file.

Game seed: 4806136155152371408

2329 unlimited1921 the Nimble (level 9, -7/70 HPs)
             Began as a Djinni Fire Elementalist on Feb 20, 2022.
             Mangled by a wight (9 damage)
             ... on level 6 of the Dungeon on Feb 22, 2022.
             The game lasted 00:41:05 (17280 turns).

unlimited1921 the Nimble (DjFE)                    Turns: 17280, Time: 00:41:07

Health: -7/70      AC:  4    Str:  7    XL:     9   Next: 69%
Gold:   387        EV: 15    Int: 22    God:
                   SH:  0    Dex: 13

rFire   + + .      SeeInvis .   r - +0 hand axe
rCold   . . .      Faith    .   (no shield)
rNeg    . . .      Spirit   .   a - +0 robe
rPois   ∞          Reflect  .   (no helmet)
rElec   .          Harm     .   j - scarf {repulsion}
rCorr   .          Rampage  .   y - +1 pair of gloves
Will    .....                   (boots unavailable)
Stlth   ++........              (no amulet)
HPRegen 0.21/turn               z - ring of protection from cold
MPRegen 0.00/turn               (no ring)

@: flying, repel missiles
A: sickness immunity, fire resistance 2, cold vulnerability 1, float, innate
caster, HP casting, extra vitality 1
a: no special abilities


You were on level 6 of the Dungeon.
You visited 1 branch of the dungeon, and saw 7 of its levels.
You also visited: Sewer.

You collected 387 gold pieces.

Inventory:

Hand Weapons
 b - a +0 dagger
 e - a +0 short sword
 k - a +0 flail
 q - a +1 dagger of speed
 r - a +0 hand axe (weapon)
 s - a +0 war axe
 t - a +2 dagger of venom
 u - a +0 hunting sling
 A - a +0 long sword
 G - a +0 falchion
 H - a +0 war axe
Missiles
 d - 52 bolts
 f - 26 sling bullets
 i - 162 stones
 B - 6 atropa-tipped darts
 J - 2 throwing nets
Armour
 a - a +0 robe (worn)
 g - a +0 leather armour
 j - a scarf of repulsion (worn)
 y - a +1 pair of gloves (worn)
 K - a +0 tower shield
Jewellery
 z - a ring of protection from cold (left hand)
Wands
 L - a wand of charming (5)
 M - a wand of flame (23) (quivered)
Scrolls
 c - a scroll of identify {unknown}
 h - 4 scrolls of teleportation {unknown}
 o - 4 scrolls of fog {unknown}
 v - a scroll of amnesia {unknown}
 D - a scroll of vulnerability {unknown}
Potions
 l - 2 potions of flight {unknown}
 m - a potion of lignification {unknown}
 n - a potion of invisibility {unknown}
 p - 2 potions of brilliance {unknown}
 w - a potion of attraction {unknown}
 x - a potion of degeneration {unknown}
 C - 3 potions of might {unknown}
 E - a potion of berserk rage
 F - a potion of haste {unknown}
 I - a potion of curing {unknown}


   Skills:
 * Level 8.0 Fighting
 + Level 1.9 Short Blades
 + Level 1.5 Axes
 + Level 8.4 Dodging
 - Level 1.6 Stealth
 + Level 4.0 Spellcasting


You couldn't memorise any spells.
You knew the following spells:

 Your Spells              Type           Power      Damage    Failure   Level
a - Foxfire               Conj/Fire      88%        2x1d8     1%          1
b - Scorch                Fire           44%        2d7       3%          2
c - Conjure Flame         Conj/Fire      22%        6-21      6%          3
d - Inner Flame           Hex/Fire       22%        N/A       6%          3
e - Flame Wave            Conj/Fire      22%        2d7       21%         4
f - Slow                  Hex            88%        N/A       1%          1
g - Wereblood             Tmut           22%        N/A       3%          2
h - Ignite Poison         Fire/Tmut/Pois 22%        N/A       6%          3
i - Anguish               Hex/Necr       11%        N/A       21%         4
Your spell library was empty.

Dungeon Overview and Level Annotations

Branches:
Dungeon (7/15)             Temple (0/1) D:4           Sewer (visited)

Altars:
Wu Jian
The Shining One


Innate Abilities, Weirdness & Mutations

You are immune to sickness and miasma.
You are immune to poison.
Your flesh is very heat resistant. (rF++)
You are vulnerable to cold. (rC-)
You float through the air rather than walking.
You learn spells naturally, not from books.
Your magical power is your life essence.
You have superior vitality. (+4 MHP)


Message History

Casting: Foxfire (safe; 1% risk of failure)
Confirm with . or Enter, or press ? or * to list all spells.
You conjure some foxfire!
The wight's inner flame fades away.
The foxfire hits the wight but does no damage. x2
Casting: Foxfire (safe; 1% risk of failure)
Confirm with . or Enter, or press ? or * to list all spells.
You conjure some foxfire!
The wight barely misses you.
Your foxfire dissipates!
The foxfire hits the wight but does no damage.
Casting: Foxfire (safe; 1% risk of failure)
Confirm with . or Enter, or press ? or * to list all spells.
You don't know that spell.
Casting: Foxfire (safe; 1% risk of failure)
Confirm with . or Enter, or press ? or * to list all spells.
You conjure some foxfire!
The foxfire hits the orc.
The orc is heavily wounded.
The wight hits you with a +2 hand axe!
* * * LOW HITPOINT WARNING * * *
The wight hits your foxfire with a +2 hand axe.
The foxfire hits the wight.
The wight is moderately damaged.
There is a stone staircase leading up here.
The wight hits you with a +2 hand axe.
* * * LOW HITPOINT WARNING * * *
You fly upwards.
There is a stone staircase leading down here.
Aiming: Throw Flame
Press: ? - help, Q - select action, (/) - cycle Shift-Dir - straight line, f - wight
Aim: a wight, wielding a +2 hand axe and wearing a +0 leather armour (moderately damaged, 68% to hit)
The puff of flame hits the wight!
The wight is almost destroyed.
The wight hits you with a +2 hand axe!
* * * LOW HITPOINT WARNING * * *
Aiming: Throw Flame
Press: ? - help, Q - select action, (/) - cycle Shift-Dir - straight line, f/p - wight
Aim: a wight, wielding a +2 hand axe and wearing a +0 leather armour (almost destroyed, 68% to hit)
The puff of flame misses the wight.
The wight hits you with a +2 hand axe!
You die...

....######.#.#.#..........#####..
###..........#.#............+....
#.######.#.#.#............####.
#.#####....#.######......## ##
#.##.......#......#.....## #
#.##.##..########.##...##
##.##.##......#.##.###'##
#..##.##.###..#.##.# #.#
#.###.##.# #..#@##.# #.# #.#
#.##.###..#z##.###.## #>#
#...................##### #.#
########.#.#####........## ##.#
#...#.# #......#..### ...#
#.#.#.#####.#.#.###.... ####
#.######.........#..###
#......#.##.#.##...##
######.#.##.#.######


You could see a wight.

Vanquished Creatures
  A troll (D:7)
  Sigmund (D:3)
  3 water moccasins
  An orc warrior (D:7)
  2 black bears
  An ogre (D:7)
  A sky beast (D:7)
  2 phantoms (D:4)
  A bullfrog (D:6)
  A scorpion (D:6)
  2 wights (D:7)
  A bullfrog zombie (D:6)
  5 hounds
  2 jellies (D:6)
  A bullfrog skeleton (D:4)
  3 orc priests
  3 iguanas
  4 orc wizards
  A hound skeleton (D:5)
  7 gnolls
  A howler monkey skeleton (D:7)
  A river rat (D:6)
  6 adders
  4 white imps (D:6)
  5 worms
  17 orcs
  10 ball pythons
  8 bats
  7 endoplasms
  7 giant cockroaches
  5 goblins
  5 hobgoblins
  6 jackals
  6 kobolds
  5 quokkas
  3 frilled lizards
  5 rats
144 creatures vanquished.

Vanquished Creatures (others)
  578 foxfires
578 creatures vanquished.

Grand Total: 722 creatures vanquished

Notes
Turn   | Place    | Note
-------+----------+-------------------------------------------
     0 | D:1      | unlimited1921 the Djinni Fire Elementalist began the quest
                  | for the Orb.
     0 | D:1      | Reached XP level 1. HP: 15/15 MP: 0/0
   836 | D:1      | Reached XP level 2. HP: 19/21 MP: 0/0
  1625 | D:1      | Reached XP level 3. HP: 22/25 MP: 0/0
  1625 | D:1      | Learned a level 1 spell: Slow
  2996 | D:1      | Found a faded altar of an unknown god.
  3891 | D:2      | Found a glowing golden altar of the Shining One.
  3965 | D:2      | Reached skill level 1 in Fighting
  4334 | D:2      | Reached XP level 4. HP: 26/33 MP: 0/0
  6211 | D:3      | Reached XP level 5. HP: 36/38 MP: 0/0
  6211 | D:3      | Learned a level 2 spell: Wereblood
  6250 | D:3      | Noticed Sigmund
  6262 | D:3      | Killed Sigmund
  6263 | D:3      | Reached XP level 6. HP: 27/47 MP: 0/0
  9008 | D:4      | Found a staircase to the Ecumenical Temple.
  9418 | D:4      | Reached XP level 7. HP: 23/53 MP: 0/0
  9418 | D:4      | Learned a level 3 spell: Ignite Poison
  9802 | D:4      | Reached skill level 5 in Dodging
 10095 | D:4      | Reached skill level 5 in Fighting
 11537 | D:5      | Entered Level 5 of the Dungeon
 11537 | D:5      | Noticed a water moccasin
 11541 | D:5      | Killed a water moccasin
 11542 | D:5      | Reached skill level 1 in Short Blades
 11542 | D:5      | Reached XP level 8. HP: 48/60 MP: 0/0
 12911 | D:6      | Reached skill level 1 in Axes
 13112 | D:6      | Found a glowing drain.
 13128 | Sewer    | Entered a sewer
 14715 | D:6      | Reached XP level 9. HP: 31/68 MP: 0/0
 14715 | D:6      | Learned a level 4 spell: Anguish
 16253 | D:6      | Found an ornate altar of the Wu Jian Council.
 16563 | D:7      | Noticed a troll
 16576 | D:7      | Killed a troll
 17279 | D:6      | HP: 2/70 [wight (7)]
 17280 | D:6      | Mangled by a wight

Illustrated notes

Levels and vault maps discovered:
D:1:      dpeg_arrival_tiny_d, layout_basic,
          shapermc_ecumenical_altar_mp_highgroup
D:2:      cheibrodos_pilgrimage, layout_basic, basic_altar, minmay_quantized
D:3:      kb_forest_paths, layout_loops_corners, uniq_sigmund
D:4:      layout_gridville, minmay_temple_entry_statues_pillars
D:5:      layout_rooms, kennysheep_flooded_box, hangedman_decor_slide_cut,
          hangedman_abyss_or_decor_stagger
D:6:      minmay_bubble_buster, layout_loops_corners,
          pdpol_wu_jian_five_deadly_venoms, portal_sewer_entry_e,
          serial_co_window_serial, co_window_of_opportunity_a,
          co_window_paths_a, co_window_corner_a, co_window_cross_1,
          co_window_paths_b, co_window_cross_4, co_window_corner_b,
          co_window_corner_b, glass_columns_a, glass_columns_c, glass_columns_c,
          serial_park_tiny_2
D:7:      layout_rooms

Skill      XL: |  1  2  3  4  5  6  7  8  9 |
---------------+----------------------------+-----
Spellcasting   | 3 4 |  4.0
Fighting       | 1 2 3 4 5 7 8 |  8.0
Dodging        | 3 4 5 7 8 |  8.4
Short Blades   | 1 |  1.9
Axes           | 1 |  1.5
Stealth        | |  1.6

Action                   |  1- 3 |  4- 6 |  7- 9 || total
-------------------------+-------+-------+-------++-------
Melee: Short sword       |     2 |     6 |       ||     8
       Hand axe          |       |     2 |       ||     2
 Cast: Foxfire           |    72 |   120 |   176 ||   368
       Inner Flame       |     1 |     4 |    62 ||    67
       Wereblood         |       |       |     1 ||     1
Evoke: Wand              |       |       |     2 ||     2
  Use: Potion            |       |       |     1 ||     1
Armor: Robe              |     4 |     5 |    11 ||    20
Dodge: Dodged            |    19 |    15 |    65 ||    99
       Repelled          |       |     1 |     1 ||     2
